 Dungeon Crawl Stone Soup version 0.19.5 (webtiles) character file.

15899 ghjk the Severer (level 12, -7/108 HPs)
             Began as a Minotaur Fighter on Apr 23, 2017.
             Was a High Priest of Okawaru.
             Killed from afar by eeldvark's ghost (8 damage)
             ... with a bolt of negative energy
             ... on level 12 of the Dungeon.
             The game lasted 00:19:22 (9934 turns).

ghjk the Severer (Minotaur Fighter)                 Turns: 9934, Time: 00:19:22

Health: -7/108     AC: 15    Str: 31    XL:     12   Next: 5%
Magic:  0/11       EV:  5    Int:  5    God:    Okawaru [*****.]
Gold:   546        SH:  9    Dex: 10    Spells: 0 memorised, 11 levels left

rFire  . . .     SeeInvis +     z - +0 war axe (freeze)
rCold  . . .     Gourm    .     A - +1 plate armour
rNeg   . . .     Faith    .     c - +0 shield
rPois  .         Spirit   +     (helmet restricted)
rElec  .         Reflect  .     p - +0 cloak
rCorr  .         Harm     .     (no gloves)
MR     .....                    (no boots)
Stlth  ..........               O - amulet of guardian spirit
                                G - ring of see invisible
                                N - +5 ring of strength

@: heavily drained
A: retaliatory headbutt, horns 2
a: Heroism, Finesse, Renounce Religion


You were on level 12 of the Dungeon.
You worshipped Okawaru.
Okawaru was extremely pleased with you.
You were not hungry.

You visited 2 branches of the dungeon, and saw 13 of its levels.

You collected 656 gold pieces.
You spent 110 gold pieces at shops.

Inventory:

Hand Weapons
 o - a +0 war axe
 z - a +0 war axe of freezing (weapon)
 S - a +0 morningstar
Armour
 b - a +0 scale mail
 c - a +0 shield (worn)
 p - a +0 cloak (worn)
 A - a +1 plate armour (worn)
Jewellery
 h - a cursed ring of teleportation
 i - an uncursed ring of stealth
 B - an uncursed ring of protection from fire
 G - a ring of see invisible (right hand)
 N - a +5 ring of strength (left hand)
 O - an amulet of guardian spirit (around neck)
Wands
 n - a wand of flame (17/48)
 C - a wand of digging (0/24)
 I - a wand of lightning (7/15)
 R - a wand of confusion (32/48)
 T - a wand of flame (31/48)
Scrolls
 m - 3 scrolls of remove curse
 r - a scroll of amnesia
 s - 2 scrolls of magic mapping
 t - 4 scrolls of teleportation
 y - 2 scrolls of enchant armour
 H - a scroll of identify
 K - 2 scrolls of fear
 L - a scroll of recharging {unknown}
Potions
 a - a potion of cancellation
 e - a potion of ambrosia {unknown}
 g - 6 potions of flight {unknown}
 j - 3 potions of lignification {unknown}
 k - 2 potions of berserk rage
 l - 5 potions of heal wounds
 q - a potion of curing
 u - 5 potions of brilliance {unknown}
 v - 2 potions of haste {unknown}
 D - a potion of might
 J - 2 potions of agility
 P - a potion of cure mutation {unknown}
Books
 w - a book of Air

   Spells                             Type                      Level
   a - Shock                          Conjuration/Air              1
   b - Swiftness                      Charms/Air                   2
   c - Repel Missiles                 Charms/Air                   2
   d - Static Discharge               Conjuration/Air              3
   e - Lightning Bolt                 Conjuration/Air              5
 E - a book of Conjurations

   Spells                             Type                      Level
   a - Magic Dart                     Conjuration                  1
   b - Searing Ray                    Conjuration                  2
   c - Dazzling Spray                 Conjuration/Hexes            3
   d - Fulminant Prism                Conjuration/Hexes            4
   e - Iskenderun's Mystic Blast      Conjuration                  4
   f - Iskenderun's Battlesphere      Conjuration/Charms           5
 M - a book of Geomancy

   Spells                             Type                      Level
   a - Sandblast                      Earth                        1
   b - Passwall                       Transmutation/Earth          2
   c - Stone Arrow                    Conjuration/Earth            3
   d - Petrify                        Transmutation/Earth          4
   e - Lee's Rapid Deconstruction     Earth                        5
 Q - a book of Cantrips

   Spells                             Type                      Level
   a - Confusing Touch                Hexes                        1
   b - Animate Skeleton               Necromancy                   1
   c - Summon Small Mammal            Summoning                    1
   d - Apportation                    Translocation                1
Comestibles
 d - 4 meat rations
 f - 10 bread rations
 x - 3 beef jerkies
 F - 3 slices of pizza


   Skills:
 + Level 10.8(7.6) Fighting
 + Level 16.8(13.1) Axes
 + Level 0.2(8.0) Maces & Flails
 * Level 11.1(7.8) Armour
 + Level 3.7(1.0) Dodging
 - Level 3.6(0.9) Shields
 + Level 0.4(0.0) Invocations


You had 11 spell levels left.
You didn't know any spells.

Dungeon Overview and Level Annotations

Branches:
Dungeon (12/15)            Temple (1/1) D:5            Lair (0/6) D:11
    Orc (0/2) D:11

Altars:
Ashenzari
Cheibriados
Dithmenos
Elyvilon
Fedhas
Gozag
Hepliaklqana
Kikubaaqudgha
Makhleb
Nemelex Xobeh
Okawaru
Qazlal
Ru
Sif Muna
Trog
Uskayaw
Vehumet
Xom
Yredelemnul
Zin
The Shining One
Beogh

Shops:
D:5 *

Annotations:
D:12 eeldvark's ghost, journeyman DrWn


Innate Abilities, Weirdness & Mutations

You reflexively headbutt those who attack you in melee.
You have a pair of horns on your head.


Message History

You headbutt eeldvark's ghost.
Eeldvark's ghost is almost destroyed.
Eeldvark's ghost breathes negative energy at you.
The bolt of negative energy hits you!
You feel drained.
* * * LOW HITPOINT WARNING * * *
You closely miss eeldvark's ghost.
You headbutt eeldvark's ghost, but do no damage.
Eeldvark's ghost is almost destroyed.
Eeldvark's ghost ripples.
Eeldvark's ghost hits you but does no damage.
You hit eeldvark's ghost but do no damage.
Eeldvark's ghost is almost destroyed.
Eeldvark's ghost hits you!
* * * LOW HITPOINT WARNING * * *
x2 You hit eeldvark's ghost but do no damage.
You headbutt eeldvark's ghost!
Eeldvark's ghost is almost destroyed.
Eeldvark's ghost breathes negative energy at you.
The bolt of negative energy hits you!
You feel drained.
You die...

#..# #...........
#..# #...........
#..# #...........
#..# #.......####
#..#####.......# # .
#..............# #
...###........####..#
# :.......#####.#
#..# # .......@# #.#
#..# # .......W# #.#
#..# [.......# #.#
#... ........# #.#
#..## ........# #.#
..# ........# #.#
......... ........<


You could see eeldvark's ghost.

Vanquished Creatures
  A hydra (D:12)
  Erica (D:8)
  A death yak (D:9)
  A hill giant (D:11)
  3 ugly things (D:11)
  A manticore (D:11)
  Maurice (D:8)
  The ghost of Mesmaeker13 the Skirmisher, a novice HuAK of Lugonu (D:4)
  A centaur skeleton (D:11)
  A komodo dragon (D:11)
  2 trolls
  Prince Ribbit (D:5)
  A hornet (D:11)
  2 two-headed ogres
  A hippogriff (D:8)
  A human (D:7)
  12 yaks
  3 hogs (D:7)
  The ghost of Mesmaeker13 the Skirmisher, an amateur HuAK of Lugonu (D:3)
  2 vampire mosquitoes (D:12)
  Menkaure (D:5)
  Edmund (D:5)
  A soldier ant (D:9)
  2 sky beasts
  10 orc warriors
  A hornet zombie (D:11)
  A necrophage (D:11)
  A black bear (D:7)
  A phantom (D:5)
  2 ice beasts
  7 ogres
  11 centaurs
  2 big kobolds
  Blork the orc (D:6)
  10 bullfrogs
  A wyvern skeleton (D:10)
  2 scorpions
  12 wights
  A howler monkey (D:7)
  3 crimson imps
  A centaur zombie (D:8)
  5 jellies
  3 hounds
  7 orc priests
  10 orc wizards
  3 bullfrog skeletons
  3 iguanas
  6 worker ants
  2 hound skeletons
  2 hound zombies (D:8)
  14 gnolls
  10 adders
  2 shadow imps
  2 oozes (D:4)
  3 adder skeletons
  An adder zombie (D:7)
  2 worms
  4 dart slugs
  6 leopard geckos
  51 orcs
  2 ball pythons
  5 giant cockroaches
  8 goblins
  11 hobgoblins
  8 jackals (D:2)
  17 kobolds
  5 quokkas
  8 bats
  3 frilled lizards
  A leopard gecko zombie (D:6)
  2 quokka zombies
  8 rats
324 creatures vanquished.

Notes
Turn   | Place    | Note
-------+----------+-------------------------------------------
     0 | D:1      | ghjk the Minotaur Fighter began the quest for the Orb.
     0 | D:1      | Reached XP level 1. HP: 19/19 MP: 0/0
   118 | D:1      | Reached XP level 2. HP: 27/27 MP: 1/1
   274 | D:1      | Reached skill level 3 in Axes
   559 | D:2      | Reached XP level 3. HP: 32/33 MP: 2/2
   669 | D:2      | Found a shimmering altar of Xom.
   752 | D:2      | Reached skill level 4 in Axes
   756 | D:2      | Reached XP level 4. HP: 28/41 MP: 3/3
  1243 | D:3      | Reached skill level 1 in Dodging
  1328 | D:3      | Reached skill level 5 in Axes
  1450 | D:3      | Reached XP level 5. HP: 45/47 MP: 4/4
  1663 | D:3      | Noticed Mesmaeker13's ghost (amateur HuAK)
  1671 | D:3      | Killed Mesmaeker13's ghost
  1671 | D:3      | Reached skill level 6 in Axes
  1671 | D:3      | Reached XP level 6. HP: 46/53 MP: 5/5
  2166 | D:4      | Found a roughly hewn altar of Beogh.
  2282 | D:4      | Noticed Mesmaeker13's ghost (novice HuAK)
  2318 | D:4      | Killed Mesmaeker13's ghost
  2318 | D:4      | Reached skill level 5 in Fighting
  2318 | D:4      | Reached skill level 8 in Axes
  2318 | D:4      | Reached skill level 5 in Armour
  2318 | D:4      | Reached XP level 7. HP: 22/61 MP: 6/6
  2971 | D:5      | Entered Level 5 of the Dungeon
  3253 | D:5      | Reached skill level 9 in Axes
  3423 | D:5      | Found a shattered altar of Ashenzari.
  3465 | D:5      | Found a staircase to the Ecumenical Temple.
  3472 | D:5      | Noticed Menkaure
  3479 | D:5      | Reached XP level 8. HP: 32/70 MP: 7/7
  3482 | D:5      | Killed Menkaure
  3727 | Temple   | Entered the Ecumenical Temple
  3885 | Temple   | Became a worshipper of Warmaster Okawaru
  3926 | D:5      | Found Reingyly's General Store.
  3934 | D:5      | Bought a scroll of magic mapping for 45 gold pieces
  3934 | D:5      | Bought a potion of heal wounds for 65 gold pieces
  3987 | D:5      | Noticed Edmund
  4016 | D:5      | Killed Edmund
  4016 | D:5      | Reached skill level 10 in Axes
  4175 | D:5      | Noticed Prince Ribbit
  4237 | D:5      | Killed Prince Ribbit
  4237 | D:5      | Reached * piety under Okawaru
  4596 | D:6      | Reached skill level 11 in Axes
  4638 | D:6      | Reached XP level 9. HP: 44/78 MP: 8/8
  4842 | D:6      | Noticed Blork the orc
  4848 | D:6      | Reached ** piety under Okawaru
  4866 | D:6      | Killed Blork the orc
  5328 | D:7      | Reached skill level 12 in Axes
  5517 | D:7      | Reached *** piety under Okawaru
  5517 | D:7      | Reached skill level 13 in Axes
  5696 | D:7      | Found an ancient bone altar of Kikubaaqudgha.
  5761 | D:8      | Noticed Maurice
  5868 | D:8      | Reached XP level 10. HP: 86/88 MP: 9/9
  6033 | D:8      | Noticed Erica
  6042 | D:8      | Killed Erica
  6052 | D:8      | Killed Maurice
  6052 | D:8      | Reached **** piety under Okawaru
  6052 | D:8      | Reached skill level 14 in Axes
  7053 | D:9      | Found a snail-covered altar of Cheibriados.
  7055 | D:9      | Found a stormy altar of Qazlal.
  7326 | D:9      | Noticed a death yak
  7339 | D:9      | Reached skill level 15 in Axes
  7348 | D:9      | Killed a death yak
  7348 | D:9      | Reached ***** piety under Okawaru
  7352 | D:9      | Reached XP level 11. HP: 61/95 MP: 8/10
  7593 | D:9      | Received a gift from Okawaru
  7600 | D:9      | Got a scorched ring mail {god gift}
  7611 | D:9      | Identified the +3 ring mail of Objectivity {rPois MR- Str+4 SInv} (Okawaru gifted it to you on level 9 of the Dungeon)
  7711 | D:10     | Entered Level 10 of the Dungeon
  8062 | D:10     | You fall through a shaft!
  8078 | D:11     | Found a staircase to the Lair.
  8119 | D:11     | Reached skill level 16 in Axes
  8298 | D:11     | Found a staircase to the Orcish Mines.
  8537 | D:11     | Reached skill level 10 in Armour
  8690 | D:11     | Noticed a hill giant
  8699 | D:11     | Killed a hill giant
  8928 | D:11     | Reached skill level 10 in Fighting
  9090 | D:11     | Noticed a red ugly thing
  9100 | D:11     | Noticed a brown ugly thing
  9102 | D:11     | Killed a red ugly thing
  9104 | D:11     | Noticed a purple ugly thing
  9148 | D:11     | Killed a brown ugly thing
  9402 | D:11     | Received a gift from Okawaru
  9416 | D:11     | Noticed a four-headed hydra
  9606 | D:11     | Killed a purple ugly thing
  9771 | D:11     | Found a sparkling altar of Nemelex Xobeh.
  9882 | D:12     | Noticed a six-headed hydra
  9893 | D:12     | Killed a six-headed hydra
  9893 | D:12     | Reached XP level 12. HP: 104/108 MP: 8/11
  9895 | D:12     | Noticed eeldvark's ghost (journeyman DrWn)
  9933 | D:12     | HP: 3/108 [eeldvark's ghost (6)]
  9933 | D:12     | HP: 1/108 [eeldvark's ghost (2)]
  9934 | D:12     | Killed from afar by eeldvark's ghost

Skill      XL: |  1  2  3  4  5  6  7  8  9 10 11 |
---------------+----------------------------------+-----
Fighting       | 4 5 6 7 8 10 | 10.8
Axes           | 3 4 5 6 8 9 11 13 15 16 | 16.8
Armour         | 4 5 7 9 11 | 11.1
Dodging        | 1 2 3 |  3.7
Maces & Flails | |  0.2
Shields        | |  3.6
Invocations    | |  0.4

Action                   |  1- 3 |  4- 6 |  7- 9 | 10-12 || total
-------------------------+-------+-------+-------+-------++-------
Melee: War axe           |   106 |   148 |   337 |   459 ||  1050
       Headbutt          |    13 |    31 |    71 |   111 ||   226
       Morningstar       |       |       |       |     5 ||     5
Invok: Heroism           |       |       |       |     2 ||     2
  Use: Scroll            |     5 |       |     3 |     5 ||    13
       Potion            |       |     1 |     1 |       ||     2
  Eat: Chunk             |       |     5 |     2 |     6 ||    13
       Beef jerky        |       |       |     2 |       ||     2
       Pizza             |       |       |     1 |     5 ||     6
       Bread ration      |       |       |     1 |       ||     1
       Royal jelly       |       |       |       |     1 ||     1
Armor: Scale mail        |    66 |    51 |    59 |       ||   176
       Plate armour      |       |       |    49 |   166 ||   215
Dodge: Dodged            |    37 |    27 |    65 |    81 ||   210
Block: Shield            |    64 |    59 |   144 |   170 ||   437
